 Dungeon Crawl Stone Soup version 0.31-a0-174-g85c54bcb58 (webtiles) character file.

Game seed: 2170372883186318691

1600 Anon1729 the Ruffian (level 8, -5/43 HPs)
             Began as a Vine Stalker Fighter on June 15, 2023.
             Slain by an ice devil (10 damage)
             ... summoned by a kobold demonologist
             ... on level 6 of the Dungeon.
             The game lasted 00:07:30 (4652 turns).

Anon1729 the Ruffian (Vine Stalker Fighter)         Turns: 4652, Time: 00:07:31

Health: -5/43      AC: 16    Str: 20    XL:     8   Next: 94%
Magic:  0/12       EV: 14    Int:  8    God:
Gold:   273        SH:  5    Dex: 15    Spells: 7/7 levels left

rFire   . .          .
                       - Unarmed
rCold   . . .        b - +0 buckler
rNeg    . . .        a - +0 scale mail
rPois   .            o - +2 helmet
rElec   .            (no cloak)
rCorr   .            (no gloves)
SInv    .            H - +1 pair of boots
Will    +....        (no amulet) Stlth
                     t - +5 ring of evasion
HPRegen 1.07/turn    m - +4 ring of protection
MPRegen 0.13/turn

%: guardian spirit
@: about to teleport
A: fangs 3, regeneration 1, magic shield, antimagic bite, no potion heal 2
a: no special abilities


You were on level 6 of the Dungeon.
You visited 1 branch of the dungeon, and saw 6 of its levels.
You also visited: Sewer.

You collected 273 gold pieces.

Inventory:

Missiles
 C - a throwing net
Armour
 a - a +0 scale mail (worn)
 b - a +0 buckler (worn)
 f - a +0 leather armour of fire resistance
 o - a +2 helmet (worn)
 H - a +1 pair of boots (worn)
Jewellery
 g - a ring of protection from fire
 h - a ring of fire
 m - a +4 ring of protection (right hand)
 t - a +5 ring of evasion (left hand)
 y - a ring of resist corrosion
Wands
 r - a wand of paralysis (8)
 s - a wand of polymorph (10)
Scrolls
 d - a scroll of torment
 e - a scroll of poison
 i - 2 scrolls of revelation
 j - a scroll of enchant armour
 k - a scroll of teleportation
 p - 3 scrolls of vulnerability
 A - a scroll of immolation {unknown}
 E - a scroll of enchant weapon {unknown}
 G - a scroll of fear {unknown}
Potions
 c - a potion of might
 l - 2 potions of heal wounds {unknown}
 n - 2 potions of curing
 q - 2 potions of enlightenment {unknown}
 u - a potion of brilliance {unknown}
 v - a potion of berserk rage {unknown}
 w - a potion of ambrosia {unknown}
 x - a potion of lignification {unknown}
 z - a potion of attraction
 B - 2 potions of cancellation {unknown}
 D - 2 potions of degeneration {unknown}
 F - a potion of mutation {unknown}


   Skills:
 + Level 5.2 Fighting
 + Level 4.7 Armour
 + Level 5.1 Shields
 + Level 5.2 Unarmed Combat
 + Level 4.7 Invocations


You had 7 spell levels left.
You didn't know any spells.
Your spell library contained the following spells:

 Spells                   Type           Power      Damage    Failure   Level
 Shock                    Conj/Air       0%         1d3       82%         1
 Dazzling Flash           Conj/Hex       0%         N/A       99%         3
 Frozen Ramparts          Ice            0%         1d1       99%         3
 Swiftness                Air            0%         N/A       99%         3
 Volatile Blastmotes      Fire/Tloc      0%         2d10      99%         3
 Airstrike                Air            0%         2d(0-16)  100%        4
 Ice Form                 Ice/Tmut       0%         N/A       100%        4
 Iskenderun's Mystic Bla  Conj/Tloc      0%         2d3       100%        4
 Passage of Golubria      Tloc           0%         N/A       100%        4
 Summon Ice Beast         Ice/Summ       0%         N/A       100%        4
 Silence                  Hex/Air        0%         N/A       100%        5
 Starburst                Conj/Fire      0%         6d3       100%        6
 Lehudib's Crystal Spear  Conj/Erth      0%         10d2      100%        8


Dungeon Overview and Level Annotations

Branches:
Dungeon (6/15)             Temple (0/1) D:4           Sewer (visited)

Altars:
Dithmenos
Gozag
Okawaru
Qazlal
Xom
Zin

Shops:
D:2 =


Innate Abilities, Weirdness & Mutations

You have razor-sharp teeth.
Your natural rate of healing is unusually fast.
When hurt, damage is shared between your health and your magic reserves.
Your bite disrupts and absorbs the magic of your enemies.
Potions cannot restore your health.


Message History

The kobold demonologist hits you but does no damage.
Okay, then.
Okay, then.
Unknown command.
Unknown command.
Unknown command.
Okay, then.
Unknown command.
Okay, then.
Unknown command.
Okay, then.
Press: ? - help, v - describe, . - travel
Here: an ice devil (summoned)
The floor.
Unknown command.
Unknown command.
You closely miss the kobold demonologist.
The kobold demonologist is heavily wounded.
The neqoxec disappears in a puff of smoke!
You block the ice devil's attack.
The kobold demonologist falters for a moment.
It was a potion of curing.
That felt strangely inert.
The ice devil barely misses you.
The kobold demonologist hits you but does no damage.
The kobold demonologist gestures wildly while chanting.
Okay, then.
Unknown command.
Unknown command.
As you read the scroll labelled KAMODI JEUNA, it crumbles to dust.
It is a scroll of enchant armour.
Your +0 pair of boots glows green for a moment.
You block the ice devil's attack.
The kobold demonologist falters for a moment.
Okay, then.
As you read the scroll labelled GIEJISATHRALIA, it crumbles to dust.
You feel strangely unstable.
It was a scroll of teleportation.
The ice devil hits you.
* * * LOW HITPOINT WARNING * * *
The ice devil freezes you!
You die...

#####.# #.....# .## #.# ..#
#.# ..# #4###+###..#
#@##.......#+#.
#K##...........
#5##........##
#O##...|.....#
#K##...#.#.#.#
###############3##.........#
..KKKKK.!..3..OK4..†.#.#.#.#
#.#5#O#########K####.......#
....5 .............#.#.#.#


You could see an ice devil (summoned), 2 kobold demonologists, a smoke demon
(summoned), a red devil (summoned), a kobold brigand, 2 ogres, a shadow imp
(summoned) and a kobold.

Vanquished Creatures
  A kobold demonologist (D:6)
  Sigmund (D:3)
  Edmund (D:5)
  A water moccasin (D:6)
  A centaur (D:5)
  An ogre (D:5)
  A phantom (D:5)
  A bullfrog (D:6)
  A gnoll sergeant (D:5)
  A jelly (D:4)
  An orc priest (D:2)
  2 hounds
  2 sleepcaps (D:5)
  An iguana (D:4)
  Ijyb (D:2)
  2 orc wizards
  Natasha (twice) (D:3)
  10 adders
  5 gnolls (D:5)
  A river rat (Sewer)
  A white imp (D:5)
  An ufetubus (D:6)
  2 worms
  2 dart slugs
  8 orcs
  7 endoplasms
  9 giant cockroaches
  9 goblins
  7 hobgoblins
  5 quokkas
  8 ball pythons
  4 bats
  10 frilled lizards
  6 kobolds
  8 rats
124 creatures vanquished.

Notes
Turn   | Place    | Note
-------+----------+-------------------------------------------
     0 | D:1      | Anon1729 the Vine Stalker Fighter began the quest for the
                  | Orb.
     0 | D:1      | Reached XP level 1. HP: 11/11 MP: 2/2
   174 | D:1      | Reached XP level 2. HP: 16/16 MP: 3/3
  1048 | D:2      | Reached skill level 1 in Invocations
  1048 | D:2      | Reached XP level 3. HP: 11/20 MP: 1/4
  1065 | D:2      | Gained mutation: Your natural rate of healing is unusually
                  | fast. [Vine Stalker growth]
  1065 | D:2      | Reached XP level 4. HP: 4/24 MP: 2/6
  1141 | D:2      | Found Atarr's Jewellery Emporium.
  1466 | D:2      | Found a glowing silver altar of Zin.
  1611 | D:3      | Noticed Ijyb
  1620 | D:3      | Paralysed by Ijyb for 5 turns
  1669 | D:2      | Killed Ijyb
  1670 | D:2      | Reached XP level 5. HP: 28/28 MP: 7/7
  1688 | D:3      | You fall into a shaft and drop 2 floors!
  1688 | D:5      | Entered Level 5 of the Dungeon
  1797 | D:5      | Noticed a phantom
  1812 | D:5      | Killed a phantom
  1813 | D:5      | Reached XP level 6. HP: 31/32 MP: 5/8
  2236 | D:5      | Reached XP level 7. HP: 32/37 MP: 10/10
  2325 | D:5      | Noticed Edmund
  2345 | D:5      | Killed Edmund
  2402 | D:5      | Found a stormy altar of Qazlal.
  2635 | D:4      | Found a glowing drain.
  2640 | Sewer    | Entered a sewer
  3159 | D:4      | Gained mutation: You have razor-sharp teeth. [Vine Stalker
                  | growth]
  3159 | D:4      | Reached XP level 8. HP: 42/42 MP: 11/11
  3458 | D:4      | Found a staircase to the Ecumenical Temple.
  3553 | D:4      | Found an iron altar of Okawaru.
  3850 | D:3      | Found an opulent altar of Gozag.
  3857 | D:3      | Found an opulent altar of Gozag.
  3857 | D:3      | Found an opulent altar of Gozag.
  3862 | D:3      | Found an opulent altar of Gozag.
  3938 | D:3      | Noticed Sigmund
  3948 | D:3      | Killed Sigmund
  4024 | D:3      | Found a shadowy altar of Dithmenos.
  4105 | D:3      | Found a faded altar of an unknown god.
  4105 | D:3      | Noticed Natasha
  4109 | D:3      | Killed Natasha
  4112 | D:3      | Found a shimmering altar of Xom.
  4154 | D:3      | Noticed Natasha
  4163 | D:3      | Killed Natasha
  4556 | D:6      | Noticed a kobold demonologist
  4556 | D:6      | Noticed a kobold demonologist
  4557 | D:6      | Noticed an orange demon
  4564 | D:6      | Noticed a kobold demonologist
  4565 | D:6      | Noticed an orange demon
  4574 | D:6      | Noticed a rust devil
  4579 | D:6      | Noticed a ynoxinul
  4640 | D:6      | Killed a kobold demonologist
  4641 | D:6      | Reached skill level 5 in Fighting
  4641 | D:6      | Reached skill level 5 in Shields
  4641 | D:6      | Reached skill level 5 in Unarmed Combat
  4643 | D:6      | Noticed an ice devil
  4645 | D:6      | Noticed a smoke demon
  4651 | D:6      | Noticed a red devil
  4652 | D:6      | Slain by an ice devil

Illustrated notes

Levels and vault maps discovered:
D:1:      dpeg_arrival_rooms_a, layout_basic, feat_on_display
D:2:      layout_loops_cross, basic_altar, serial_shops,
          nicolae_shop_gaudy_bauble
D:3:      layout_rooms, nicolae_overflow_ecumenical_swirl,
          nicolae_gozag_conspicuous_consumption, nicolae_overflow_hidden_temple,
          uniq_ijyb, uniq_natasha, uniq_sigmund
D:4:      layout_basic, mainiacjoe_overflow_alcove_1, temple_hall,
          gup_sewer_entry_bowl
D:5:      layout_loops_ring, nicolae_qazlal_eye_of_the_storm,
          grunt_ministairs_6, uniq_edmund
D:6:      layout_basic, mainiacjoe_overflow_surrounded_room, fedhas_altar_3,
          serial_glass, glass_columns_b, glass_columns_c

Skill      XL: |  1  2  3  4  5  6  7  8 |
---------------+-------------------------+-----
Fighting       | 3 4 5 |  5.2
Shields        | 3 4 5 |  5.1
Invocations    | 1 2 3 4 |  4.7
Armour         | 3 4 |  4.7
Unarmed Combat | 3 4 5 |  5.2

Action                     |  1- 3 |  4- 6 |  7- 9 || total
---------------------------+-------+-------+-------++-------
  Melee: Unarmed           |    79 |   163 |   323 ||   565
         Bite              |    16 |    60 |    91 ||   167
  Evoke: Wand              |       |       |     1 ||     1
    Use: Potion            |     2 |       |     2 ||     4
         Scroll            |     1 |       |     5 ||     6
 Armour: Scale mail        |    16 |    55 |   124 ||   195
  Dodge: Dodged            |    31 |    70 |   163 ||   264
  Block: Buckler           |    15 |    30 |    64 ||   109

Table legend: (Time is in decaauts)
 A = Elapsed time spent in this place.
 B = Non-inter-level travel time spent in this place.
 C = Inter-level travel time spent in this place.
 D = Time resting spent in this place.
 E = Time spent auto-exploring this place.
 F = Levels seen in this place.
 G = Mean time per level.
                   A        B        C        D        E       F      G
               +--------+--------+--------+--------+--------+-----+--------+
         Total |   4707 |   4239 |    468 |    156 |   2873 |   7 |  672.4 |
       Dungeon |   4199 |   3731 |    468 |    156 |   2636 |   6 |  699.8 |
         Sewer |    508 |    508 |      0 |      0 |    236 |   1 |  508.0 |
               +--------+--------+--------+--------+--------+-----+--------+

Top non-repeatable levels by time:
     D:5: 954 daAuts
     D:1: 898 daAuts
     D:4: 829 daAuts
     D:2: 753 daAuts
     D:3: 621 daAuts
   Sewer: 508 daAuts
     D:6: 140 daAuts
